 Dungeon Crawl Stone Soup version 0.30-a0-465-g8901f6c8b5 (webtiles) character file.

Game seed: 15670314753550786552

126 arthad the Digger (level 5, -11/29 HPs)
             Began as a Gargoyle Earth Elementalist on Dec 19, 2022.
             Killed from afar by Ijyb (12 damage)
             ... with a bolt of dispelling energy
             ... on level 3 of the Dungeon.
             The game lasted 00:06:22 (1841 turns).

arthad the Digger (Gargoyle Earth Elementalist)     Turns: 1841, Time: 00:06:22

Health: -11/29     AC:  8    Str: 12    XL:     5   Next: 9%
Magic:  3/9        EV: 12    Int: 17    God:
Gold:   96         SH:  0    Dex: 10    Spells: 4/9 levels left

rFire   . . .      SeeInvis .    i - +0 sling (vorpal)
rCold   . . .      Faith    .    (no shield)
rNeg    + . .      Spirit   .    a - +0 robe
rPois   ∞          Reflect  .    b - +1 helmet
rElec   +          Harm     .    (no cloak)
rCorr   .          Rampage  .    (no gloves)
Will    .....                    (no boots)
Stlth   ++........               (no amulet)
HPRegen 0.24/turn                l - +4 ring of slaying
MPRegen 0.11/turn                (no ring)

@: very slightly contaminated
A: sickness immunity, AC +4, negative energy resistance 1, electricity
resistance, torment resistance 1, petrification resistance
a: no special abilities


You were on level 3 of the Dungeon.
You visited 1 branch of the dungeon, and saw 3 of its levels.

You collected 96 gold pieces.

Inventory:

Hand Weapons
 i - a +0 vorpal sling (weapon)
 k - a +2 dagger of draining
Missiles
 f - 7 poisoned darts
Armour
 a - a +0 robe (worn)
 b - a +1 helmet (worn)
 c - a +0 scale mail of poison resistance
Jewellery
 l - a +4 ring of slaying (left hand)
Scrolls
 d - a scroll of vulnerability {unknown}
 g - a scroll of silence {unknown}
 h - a scroll of poison {unknown}
 m - a scroll of noise {unknown}
Potions
 e - 2 potions of heal wounds {unknown}
 j - a potion of haste {unknown}
 n - 2 potions of mutation {unknown}
 o - a potion of magic


   Skills:
 + Level 1.1 Fighting
 + Level 2.0 Dodging
 + Level 2.8 Stealth
 * Level 2.7 Spellcasting
 * Level 1.2 Conjurations
 + Level 1.5 Transmutations
 + Level 1.0 Fire Magic
 * Level 4.3 Earth Magic


You had 4 spell levels left.
You knew the following spells:

 Your Spells              Type           Power      Damage    Failure   Level
a - Sandblast             Erth           34%        2d9       3%          1
b - Foxfire               Conj/Fire      24%        2x1d5     12%         1
c - Stone Arrow           Conj/Erth      22%        3d8       17%         3

Your spell library contained the following spells:

 Spells                   Type           Power      Damage    Failure   Level
 Passwall                 Tmut/Erth      10%        N/A       9%          2
 Beastly Appendage        Tmut           14%        N/A       10%         1
 Wereblood                Tmut           7%         N/A       14%         2
 Spider Form              Tmut/Pois      4%         N/A       36%         3
 Gell's Gravitas          Tloc           2%         N/A       47%         3
 Teleport Other           Tloc           2%         N/A       47%         3
 Petrify                  Tmut/Erth      12%        N/A       47%         4
 Fireball                 Conj/Fire      3%         3d4       97%         5
 Dispersal                Tloc           1%         N/A       100%        6
 Starburst                Conj/Fire      3%         6d3       100%        6


Dungeon Overview and Level Annotations

Branches:
Dungeon (3/15)

Altars:
Sif Muna

Annotations:
D:3 Ijyb, Natasha


Innate Abilities, Weirdness & Mutations

You are immune to sickness and miasma.
Your stone body is resilient. (AC +4)
You are immune to poison.
You resist negative energy. (rN+)
You are resistant to electric shocks. (rElec)
You are resistant to unholy torment.
You are immune to petrification.


Message History

Aim: Ijyb, wielding a +0 club, wearing a +0 leather armour and carrying a wand of quicksilver (7) (lightly wounded, 60% to hit)
You miscast Stone Arrow.
You are very lightly contaminated with residual magic.
Nothing appears to happen.
Ijyb zaps a wand.
The bolt of dispelling energy hits you!
Unknown command.
Aiming: Sandblast (safe; 3% risk of failure)
Press: ? - help, Q - select action, (/) - cycle Shift-Dir - straight line, f/p - Ijyb
Aim: Ijyb, wielding a +0 club, wearing a +0 leather armour and carrying a wand of quicksilver (6) (lightly wounded, 77% to hit)
The blast of sand hits Ijyb!
Ijyb is heavily wounded.
Ijyb barely misses you.
Natasha, Servant of Life and Death comes into view.
Unknown command.
Aiming: Sandblast (safe; 3% risk of failure)
Press: ? - help, Q - select action, (/) - cycle Shift-Dir - straight line, f/p - Ijyb
Aim: Ijyb, wielding a +0 club, wearing a +0 leather armour and carrying a wand of quicksilver (6) (heavily wounded, 77% to hit)
The blast of sand hits Ijyb but does no damage.
Ijyb is heavily wounded.
Ijyb hits you but does no damage.
The endoplasm hits you but does no damage.
Ijyb hits you with a +0 club.
Unknown command.
Unknown command.
Aiming: Sandblast (safe; 3% risk of failure)
Press: ? - help, Q - select action, (/) - cycle Shift-Dir - straight line, f/p - Ijyb
Aim: Ijyb, wielding a +0 club, wearing a +0 leather armour and carrying a wand of quicksilver (6) (heavily wounded, 77% to hit)
The blast of sand hits Ijyb but does no damage.
Ijyb is heavily wounded.
The endoplasm hits you.
* * * LOW HITPOINT WARNING * * *
Ijyb hits you with a +0 club.
* * * LOW HITPOINT WARNING * * *
Unknown command.
Unknown command.
Natasha attacks as you move away! Natasha claws you.
* * * LOW HITPOINT WARNING * * *
The endoplasm attacks as you move away! The endoplasm closely misses you.
Ijyb zaps a wand.
The bolt of dispelling energy hits you!
You die...

#######
###..........
######..†...##
#.......###.# .
...#####.# ...
######.###..#
#...........#
#.####.###.##
#.###(###..#
#....hJ.@.##
###...g####
#....[........#
...##########..
..


You could see Ijyb, Natasha and an endoplasm.

Vanquished Creatures
  Natasha (D:3)
  Robin (D:2)
  2 adders (D:3)
  5 ball pythons
  4 bats
  3 endoplasms
  3 giant cockroaches
  16 goblins
  5 hobgoblins
  14 jackals
  3 quokkas
  3 frilled lizards
  2 kobolds
  3 rats
65 creatures vanquished.

Notes
Turn   | Place    | Note
-------+----------+-------------------------------------------
     0 | D:1      | arthad the Gargoyle Earth Elementalist began the quest for
                  | the Orb.
     0 | D:1      | Reached XP level 1. HP: 10/10 MP: 3/3
   118 | D:1      | Reached skill level 1 in Transmutations
   118 | D:1      | Reached XP level 2. HP: 15/15 MP: 3/5
   295 | D:1      | Found a faded altar of an unknown god.
   403 | D:1      | Learned a level 1 spell: Foxfire
   935 | D:1      | Reached XP level 3. HP: 19/19 MP: 4/6
  1067 | D:2      | Noticed Robin
  1088 | D:1      | Reached skill level 4 in Earth Magic
  1205 | D:2      | Killed Robin
  1213 | D:2      | Reached XP level 4. HP: 8/24 MP: 1/7
  1312 | D:2      | Found a shimmering blue altar of Sif Muna.
  1709 | D:2      | Reached skill level 1 in Fighting
  1763 | D:3      | Learned a level 3 spell: Stone Arrow
  1777 | D:3      | Reached skill level 1 in Conjurations
  1795 | D:3      | Noticed Natasha
  1797 | D:3      | Killed Natasha
  1798 | D:3      | Reached skill level 1 in Fire Magic
  1798 | D:3      | Reached XP level 5. HP: 29/29 MP: 7/9
  1833 | D:3      | Noticed Ijyb
  1837 | D:3      | Noticed Natasha
  1840 | D:3      | HP: 1/29 [Natasha (3)]
  1841 | D:3      | Killed from afar by Ijyb

Illustrated notes

Levels and vault maps discovered:
D:1:      minmay_arrival_four_circles, layout_basic,
          hellmonk_ecumenical_altar_arch_garden
D:2:      layout_rooms, basic_altar, uniq_robin
D:3:      layout_rooms, roderic_batcave, uniq_natasha, uniq_ijyb, uniq_terence

Skill      XL: |  1  2  3  4 |
---------------+-------------+-----
Transmutations | 1 |  1.5
Earth Magic    | 4 |  4.3
Fighting       | 1 |  1.1
Conjurations   | 1 |  1.2
Dodging        | 2 |  2.0
Fire Magic     | 1 |  1.0
Stealth        | |  2.8
Spellcasting   | |  2.7

Action                   |  1- 3 |  4- 6 || total
-------------------------+-------+-------++-------
Melee: Unarmed           |     4 |       ||     4
 Fire: Sling             |    14 |    63 ||    77
 Cast: Sandblast         |    49 |     8 ||    57
  Use: Potion            |     1 |       ||     1
Armor: Robe              |    20 |    20 ||    40
Dodge: Dodged            |    28 |    33 ||    61

Table legend: (Time is in decaauts)
 A = Elapsed time spent in this place.
 B = Non-inter-level travel time spent in this place.
 C = Inter-level travel time spent in this place.
 D = Time resting spent in this place.
 E = Time spent auto-exploring this place.
 F = Levels seen in this place.
 G = Mean time per level.
                   A        B        C        D        E       F      G
               +--------+--------+--------+--------+--------+-----+--------+
         Total |   1899 |   1844 |     55 |    265 |   1189 |   3 |  633.0 |
       Dungeon |   1899 |   1844 |     55 |    265 |   1189 |   3 |  633.0 |
               +--------+--------+--------+--------+--------+-----+--------+

Top non-repeatable levels by time:
     D:1: 1129 daAuts
     D:2: 655 daAuts
     D:3: 114 daAuts
